 Dungeon Crawl Stone Soup version 0.25-a0-356-g7c9d860b3b (webtiles) character file.

Game seed: 13511367578800865166, levelgen mode: classic

29947 Borgoz the Cleaver (level 13, -6/87 HPs)
             Began as a Gargoyle Gladiator on Jan 3, 2020.
             Was an Elder of Makhleb.
             Killed from afar by a vampire mage (8 damage)
             ... with a bolt of negative energy
             ... on level 15 of the Dungeon.
             The game lasted 00:26:28 (14463 turns).

Borgoz the Cleaver (Gargoyle Gladiator)            Turns: 14463, Time: 00:26:29

Health: -6/87      AC: 22    Str: 23    XL:     13   Next: 48%
Magic:  0/13       EV: 11    Int:  9    God:    Makhleb [****..]
Gold:   986        SH:  0    Dex: 14    Spells: 12/12 levels left

rFire    + + .     SeeInvis .   a - +0 war axe (chop)
rCold    + . .     Gourm    .   (no shield)
rNeg     + . .     Faith    .   y - +0 scale mail {rF+}
rPois    ∞         Spirit   +   m - +1 hat
rElec    +         Reflect  .   C - scarf {rC+ rF+}
rCorr    .         Harm     .   u - +0 pair of gloves
MR       .....                  x - +0 pair of boots
Stlth    ..........             l - amulet of guardian spirit
HPRegen  0.24/turn              P - +3 ring of dexterity
MPRegen  0.13/turn              (no ring)

@: hasted, lightly drained, very quick
A: negative energy resistance 1, electricity resistance, unbreathing,
petrification resistance, rot immunity, AC +9
a: Minor Destruction, Lesser Servant of Makhleb, Major Destruction, Renounce
Religion


You were on level 15 of the Dungeon.
You worshipped Makhleb.
Makhleb was greatly pleased with you.
You were hungry.

You visited 2 branches of the dungeon, and saw 16 of its levels.

You collected 986 gold pieces.

Inventory:

Hand Weapons
 a - a +0 war axe of chopping (weapon)
 b - a +0 dire flail
 p - a cursed +2 dire flail
 z - a +0 great mace of draining
 F - a cursed +5 battleaxe
 G - the +1 great sword of Teetur {flame, Str+5}
   (You found it on level 14 of the Dungeon)

   It has been specially enchanted to burn those struck by it, causing extra
   injury to most foes and up to half again as much damage against particularly
   susceptible opponents.
   Big, fiery blades are also staple armaments of hydra-hunters.
   It affects your strength (+5).
Armour
 m - a +1 hat (worn)
 u - a +0 pair of gloves (worn)
 x - a +0 pair of boots (worn)
 y - a +0 scale mail of fire resistance (worn)
 C - a scarf of resistance (worn)
 M - a +0 chain mail of fire resistance
Jewellery
 l - an amulet of guardian spirit (around neck)
 t - an uncursed ring of flight
 A - an uncursed ring of fire
 P - a +3 ring of dexterity (left hand)
Wands
 c - a wand of enslavement (7)
 d - a wand of flame (12)
 r - a wand of polymorph (16)
 H - a wand of random effects (29)
 J - a wand of acid (15)
 O - a wand of disintegration (12)
Scrolls
 g - 4 scrolls of remove curse
 n - 4 scrolls of fear
 o - 5 scrolls of teleportation
 q - 2 scrolls of fog
 s - 3 scrolls of enchant armour
 w - 2 scrolls of enchant weapon
 E - 2 scrolls of identify
 K - a scroll of magic mapping
 L - a scroll of blinking
Potions
 e - 4 potions of might
 h - 4 potions of mutation
 i - 3 potions of resistance
 j - a potion of haste
 k - 5 potions of curing
 D - 4 potions of flight
 I - a potion of brilliance
Comestibles
 f - 24 rations


   Skills:
 + Level 12.4(12.1) Fighting
 * Level 14.4(14.1) Axes
 - Level 1.7(1.5) Throwing
 + Level 12.1(11.8) Armour
 - Level 2.4(2.1) Dodging


You had 12 spell levels left.
You didn't know any spells.
Your spell library contained the following spells:

 Spells                   Type           Power        Failure   Level  Hunger
 Beastly Appendage        Tmut           #.....       63%         1    ##.....
 Magic Dart               Conj           #...         63%         1    ##.....
 Summon Small Mammal      Summ           #...         63%         1    ##.....
 Blink                    Tloc           N/A          77%         2    ###....
 Call Imp                 Summ           #.......     77%         2    ###....
 Slow                     Hex            #.......     77%         2    ###....
 Sticks to Snakes         Tmut           #.......     77%         2    ###....
 Call Canine Familiar     Summ           #.......     94%         3    ####...
 Conjure Flame            Conj/Fire      #.......     94%         3    ####...
 Mephitic Cloud           Conj/Pois/Air  #.......     94%         3    ####...
 Spider Form              Tmut/Pois      #.........   94%         3    ####...
 Static Discharge         Conj/Air       #.......     94%         3    ####...
 Summon Guardian Golem    Hex/Summ       #.......     94%         3    ####...
 Ice Form                 Ice/Tmut       #.......     100%        4    #####..
 Summon Ice Beast         Ice/Summ       #.......     100%        4    #####..
 Summon Lightning Spire   Summ/Air       #.......     100%        4    #####..
 Blade Hands              Tmut           #.........   100%        5    ######.
 Lightning Bolt           Conj/Air       #.........   100%        5    ######.
 Ignition                 Fire           #.........   100%        8    #######
 Shatter                  Erth           #.........   100%        9    #######
 Tornado                  Air            #.........   100%        9    #######


Dungeon Overview and Level Annotations

Branches:
Dungeon (15/15)            Temple (1/1) D:6            Lair (0/6) D:8
    Orc (0/2) D:12
 Vaults: D:13-14     Depths: D:15

Altars:
Ashenzari
Cheibriados
Dithmenos
Elyvilon
Fedhas
Gozag
Hepliaklqana
Kikubaaqudgha
Makhleb
Nemelex Xobeh
Okawaru
Qazlal
Ru
Sif Muna
Trog
Uskayaw
Vehumet
Wu Jian
Xom
Yredelemnul
Zin
The Shining One

Portals:
Trove: D:13 (give 5 scrolls of blinking)

Annotations:
D:11 3 runed translucent doors
D:14 Jorgrun


Innate Abilities, Weirdness & Mutations

You are resistant to torment.
Your stone body is resilient. (AC +9)
You are immune to poison.
You resist negative energy. (rN+)
You are resistant to electric shocks. (rElec)
You can survive without breathing.
You are immune to petrification.
You are immune to rotting.


Message History

Something hits you but does no damage.
A skeletal warrior comes into view. It is wielding a +0 long sword.
Something hits you but does no damage. Something hits you but does no damage.
You slash something! You closely miss something. Something hits you.
* * * LOW HITPOINT WARNING * * *
Something hits you but does no damage.
A vampire mage comes into view.
Something hits you but does no damage.
The skeletal warrior hits you but does no damage.
Something hits you but does no damage. Something hits you but does no damage.
Something hits you but does no damage. Something hits you but does no damage.
The skeletal warrior hits you with a +0 glaive!
* * * LOW HITPOINT WARNING * * *
Something hits you but does no damage. The vampire mage casts a spell at you.
The bolt of negative energy hits you! You partially resist.
You feel drained.
You die...

.... ......
......#######
...8.....(...
....P......(#
....P....)<)#
..P......)†)#
..........).#
.8.......@..#
..8..P......#
....V...z...#
.8..8....z..##
.........Z...#
...P.........#
.............#
.............#
.............#


You could see 2 skeletal warriors, a vampire mage and a kobold demonologist
simulacrum.

Vanquished Creatures
  Rupert (D:13)
  Gastronok (D:8)
  Nessos (D:13)
  2 two-headed ogres
  A catoblepas (D:14)
  3 centaur warriors
  2 death knights
  Sonja (D:10)
  Nergalle (D:10)
  A skeletal warrior (D:12)
  An unseen horror (D:10)
  2 ugly things (D:13)
  A manticore (D:13)
  A cyclops (D:11)
  A gargoyle (D:13)
  2 kobold demonologists (D:15)
  A redback zombie (D:14)
  An efreet (D:13)
  A yaktaur (D:14)
  A freezing wraith (D:12)
  3 trolls
  Grinder (D:3)
  A hornet (D:10)
  A wolf spider simulacrum (D:12)
  3 slime creatures (D:12)
  2 wraiths
  18 yaks
  A basilisk (D:13)
  4 hogs (D:7)
  A human (D:7)
  2 hungry ghosts
  6 vampire mosquitoes
  2 acid dragons
  7 orc warriors
  3 ice beasts
  3 sky beasts
  8 ogres
  A necrophage (D:10)
  3 phantoms
  2 eyes of draining (D:14)
  8 centaurs
  2 crocodiles
  6 big kobolds
  Blork the orc (D:6)
  2 bullfrogs
  2 scorpions
  A wyvern skeleton (D:8)
  A water moccasin skeleton (D:10)
  4 killer bees (D:9)
  13 wights
  4 crimson imps
  9 hounds
  A quasit (D:8)
  6 jellies
  6 orc priests
  Crazy Yiuf (D:2)
  5 centaur skeletons
  13 orc wizards
  2 iguanas (D:11)
  10 worker ants
  Natasha (thrice) (D:2)
  2 hound skeletons
  A howler monkey skeleton (D:8)
  6 adders
  A shadow imp (D:13)
  An ooze (D:2)
  6 worms
  8 dart slugs
  5 leopard geckos
  75 orcs
  8 giant cockroaches
  8 goblins
  6 hobgoblins
  8 jackals (D:2)
  9 quokkas
  3 ball pythons
  5 bats
  6 frilled lizards
  A jackal skeleton (D:6)
  36 kobolds
  A leopard gecko skeleton (D:6)
  4 rats
398 creatures vanquished.

Notes
Turn   | Place    | Note
-------+----------+-------------------------------------------
     0 | D:1      | Borgoz the Gargoyle Gladiator began the quest for the Orb.
     0 | D:1      | Reached XP level 1. HP: 12/12 MP: 1/1
    71 | D:1      | Reached XP level 2. HP: 17/18 MP: 2/2
    74 | D:1      | Reached skill level 3 in Axes
   147 | D:1      | Reached skill level 1 in Armour
   368 | D:1      | Reached XP level 3. HP: 22/22 MP: 3/3
   955 | D:2      | Noticed Natasha
   966 | D:2      | Killed Natasha
   966 | D:2      | Reached XP level 4. HP: 19/28 MP: 4/4
  1081 | D:2      | Found a radiant altar of Vehumet.
  1369 | D:2      | Reached skill level 4 in Axes
  1479 | D:2      | Found a runed translucent door.
  1480 | D:2      | Noticed Crazy Yiuf
  1623 | D:2      | Noticed Natasha
  1635 | D:2      | Killed Natasha
  1635 | D:2      | Reached XP level 5. HP: 28/32 MP: 5/5
  1691 | D:2      | Killed Crazy Yiuf
  2233 | D:2      | Noticed Natasha
  2239 | D:2      | Killed Natasha
  2489 | D:3      | Noticed Grinder
  2495 | D:3      | Paralysed by Grinder for 7 turns
  2518 | D:3      | Paralysed by Grinder for 2 turns
  2547 | D:3      | Paralysed by Grinder for 4 turns
  2554 | D:3      | Killed Grinder
  2554 | D:3      | Reached skill level 5 in Axes
  2554 | D:3      | Reached XP level 6. HP: 38/39 MP: 6/6
  2723 | D:3      | Found a hide-covered altar of Uskayaw.
  3220 | D:4      | Reached XP level 7. HP: 39/44 MP: 7/7
  3255 | D:4      | Found an iron altar of Okawaru.
  3276 | D:4      | Found a sacrificial altar of Ru.
  3277 | D:4      | Found a hazy altar of Hepliaklqana.
  3414 | D:4      | Reached skill level 5 in Fighting
  3414 | D:4      | Reached skill level 6 in Axes
  3586 | D:4      | Reached XP level 8. HP: 34/49 MP: 8/8
  4102 | D:5      | Entered Level 5 of the Dungeon
  4399 | D:5      | Reached skill level 5 in Armour
  4435 | D:5      | Reached skill level 7 in Axes
  4786 | D:6      | Found a stormy altar of Qazlal.
  4787 | D:6      | Noticed a water elemental
  4787 | D:6      | Noticed an air elemental
  4857 | D:6      | Reached XP level 9. HP: 56/56 MP: 9/9
  4939 | D:6      | Reached skill level 8 in Axes
  5307 | D:6      | Found a staircase to the Ecumenical Temple.
  5622 | D:6      | Found a bloodstained altar of Trog.
  5859 | D:6      | Noticed Blork the orc
  5863 | D:6      | Killed Blork the orc
  6055 | Temple   | Entered the Ecumenical Temple
  6143 | Temple   | Became a worshipper of Makhleb the Destroyer
  6423 | D:7      | Reached skill level 9 in Axes
  6780 | D:7      | Found a sparkling altar of Nemelex Xobeh.
  6882 | D:7      | Reached XP level 10. HP: 47/64 MP: 6/10
  7055 | D:8      | Reached * piety under Makhleb
  7091 | D:8      | Reached skill level 10 in Axes
  7179 | D:8      | Found a shadowy altar of Dithmenos.
  7501 | D:8      | Noticed a two-headed ogre
  7518 | D:8      | Killed a two-headed ogre
  7809 | D:8      | Found a staircase to the Lair.
  7875 | D:8      | Noticed Gastronok
  7891 | D:8      | Killed Gastronok
  7891 | D:8      | Reached skill level 11 in Axes
  7891 | D:8      | Reached XP level 11. HP: 71/72 MP: 4/11
  8231 | D:9      | Reached ** piety under Makhleb
  8433 | D:10     | Entered Level 10 of the Dungeon
  8775 | D:10     | Killed an unseen horror
  8807 | D:10     | Reached skill level 10 in Fighting
  8818 | D:10     | Noticed a two-headed ogre
  8833 | D:10     | Killed a two-headed ogre
  9137 | D:10     | Noticed Sonja
  9140 | D:10     | Noticed Nergalle
  9154 | D:10     | Killed Nergalle
  9260 | D:10     | Killed Sonja
  9260 | D:10     | Reached skill level 12 in Axes
  9260 | D:10     | Reached skill level 10 in Armour
  9435 | D:11     | Noticed a cyclops
  9447 | D:11     | Killed a cyclops
  9732 | D:11     | Found a blossoming altar of Fedhas.
  9878 | D:11     | Reached XP level 12. HP: 79/79 MP: 12/12
 10177 | D:11     | Noticed a death knight
 10208 | D:11     | Killed a death knight
 10359 | D:11     | Found a runed translucent gate.
 10359 | D:11     | Found a runed translucent gate.
 10359 | D:11     | Found a runed translucent gate.
 10994 | D:12     | Reached *** piety under Makhleb
 10995 | D:12     | Found a staircase to the Orcish Mines.
 11423 | D:12     | Reached skill level 13 in Axes
 11776 | D:12     | Noticed a death knight
 11808 | D:12     | Killed a death knight
 12367 | D:13     | Noticed Nessos
 12404 | D:13     | Killed Nessos
 12813 | D:13     | Noticed Rupert
 12835 | D:13     | Killed Rupert
 12835 | D:13     | Reached XP level 13. HP: 76/85 MP: 6/13
 12907 | D:13     | Reached **** piety under Makhleb
 12973 | D:13     | Reached skill level 14 in Axes
 13058 | D:13     | Found a portal to a secret trove of treasure.
 13757 | D:14     | Noticed a vault guard
 13925 | D:14     | Got an iridescent great sword
 13926 | D:14     | Identified the +1 great sword of Teetur {flame, Str+5} (You
                  | found it on level 14 of the Dungeon)
 14076 | D:14     | Found a sacrificial altar of Ru.
 14148 | D:14     | Noticed Jorgrun
 14409 | D:14     | Noticed a vault guard
 14422 | D:15     | Entered Level 15 of the Dungeon
 14461 | D:15     | HP: 2/87 [skeletal warrior/+0 glaive (14)]
 14463 | D:15     | Killed from afar by a vampire mage

Levels and vault maps discovered:
D:1:      dpeg_arrival_orchard, layout_basic, st_stairs_4
D:2:      layout_basic, lemuel_crystal_altar, serial_bayou_pond_d,
          uniq_crazy_yiuf_cottage, uniq_natasha
D:3:      layout_basic, eat_drink_and_be_merry_uskayaw, first_ration,
          uniq_grinder
D:4:      layout_loops_ring, chequers_temple_overflow_statue_of_worship,
          hangedman_decor_points
D:5:      layout_basic, grunt_decor_cap
D:6:      layout_gridville, nicolae_qazlal_style_of_elements,
          minmay_temple_entry_from_below_a, basic_altar, uniq_blork_the_orc
D:7:      layout_rooms, nemelex_xobeh_ov_fountains_minmay, grunt_livestock
D:8:      layout_basic, kennysheep_mini, lair_entry_dummy, uniq_gastronok
D:9:      layout_long_grid
D:10:     layout_irregular_city, uniq_nergalle, uniq_sonja
D:11:     layout_irregular_city, basic_altar,
          ploomutoo_gammafunk_ghost_potion_laboratory, minmay_misc_feat_tiny
D:12:     layout_stronghold, hiddenorc2_lemuel, minmay_misc_feat_pillars
D:13:     layout_irregular_city, nicolae_trove_entry_free_sample, uniq_rupert,
          uniq_nessos
D:14:     layout_roguey, grunt_vaults_entry_fortified, nicolae_ru_path_of_blood,
          eino_tiny_chamber, minmay_mirror_moons_of_madness, uniq_jorgrun
D:15:     gammafunk_depths_entry_grave, layout_irregular_city,
          minmay_misc_feat_cross
Temple:   jpeg_temple_clearing

Skill      XL: |  1  2  3  4  5  6  7  8  9 10 11 12 13 |
---------------+----------------------------------------+-----
Axes           | 3 4 5 6 7 9 11 12 13 14 | 14.4
Armour         | 1 2 3 4 5 7 9 10 11 12 | 12.1
Fighting       | 3 4 5 6 7 9 10 11 12 | 12.4
Throwing       | |  1.7
Dodging        | |  2.4

Action                   |  1- 3 |  4- 6 |  7- 9 | 10-12 | 13-15 || total
-------------------------+-------+-------+-------+-------+-------++-------
Melee: War axe           |   123 |   144 |   201 |       |    20 ||   488
       Unarmed           |     3 |     3 |       |       |       ||     6
       Hand axe          |       |       |   307 |   833 |   263 ||  1403
Throw: Throwing net      |       |       |     2 |     1 |       ||     3
Evoke: Wand              |       |       |       |     6 |       ||     6
  Use: Potion            |       |     5 |     1 |     8 |     2 ||    16
       Scroll            |       |     4 |     8 |     5 |     1 ||    18
 Stab: Held in net/web   |       |       |     1 |     1 |       ||     2
       Confused          |       |       |       |     2 |       ||     2
  Eat: Chunk             |       |     3 |    14 |    18 |     5 ||    40
       Ration            |       |     1 |       |     1 |       ||     2
Armor: Leather armour    |    52 |    36 |       |       |       ||    88
       Skin              |       |     1 |       |       |       ||     1
       Scale mail        |       |    40 |   264 |   372 |   177 ||   853
Dodge: Dodged            |    99 |    93 |   250 |   341 |   126 ||   909

Table legend:
 A = Non-vault XP
 B = Vault XP
 C = Vault XP percentage of total XP
 D = Non-vault monster count
 E = Vault monster count
 F = Vault count percentage of total count
                 A         B        C        D         E       F
            +---------+---------+-------+---------+---------+-------
      Total |   32145 |   10637 |  24.9 |     350 |      48 |  12.1
            +---------+---------+-------+---------+---------+-------
        D:1 |      51 |       1 |   1.9 |      25 |       1 |   3.8
        D:2 |     138 |      75 |  35.2 |      31 |       2 |   6.1
        D:3 |      51 |     300 |  85.5 |      16 |       1 |   5.9
        D:4 |     758 |       0 |   0.0 |      25 |       0 |   0.0
        D:5 |     573 |       0 |   0.0 |      23 |       0 |   0.0
        D:6 |    1455 |      91 |   5.9 |      32 |       1 |   3.0
        D:7 |    1083 |     977 |  47.4 |      19 |       5 |  20.8
        D:8 |    3319 |    2557 |  43.5 |      34 |       1 |   2.9
        D:9 |     561 |       0 |   0.0 |      11 |       0 |   0.0
       D:10 |    2795 |    1624 |  36.8 |      16 |       2 |  11.1
       D:11 |    4034 |       0 |   0.0 |      23 |       0 |   0.0
       D:12 |    5121 |     238 |   4.4 |      41 |      32 |  43.8
       D:13 |    7242 |    4774 |  39.7 |      31 |       3 |   8.8
       D:14 |    4133 |       0 |   0.0 |      14 |       0 |   0.0
       D:15 |     831 |       0 |   0.0 |       9 |       0 |   0.0
            +---------+---------+-------+---------+---------+-------
